 Dungeon Crawl Stone Soup version 0.18-a0-1060-g4fac74f (webtiles) character file.

221 M4edhros the Sneak (level 5, -19/33 HPs)
             Began as an Octopode Artificer on Jan 12, 2016.
             Demolished by an ogre
             ... wielding a +0 giant spiked club
              (23 damage)
             ... on level 4 of the Dungeon.
             The game lasted 00:02:19 (1438 turns).

M4edhros the Sneak (Octopode Artificer)             Turns: 1438, Time: 00:02:19

Health: -19/33     AC:  1    Str: 10      XL:     5   Next: 98%
Magic:  7/7        EV: 11    Int: 18 (19) God:
Gold:   166        SH:  7    Dex: 12      Spells: 0 memorised, 4 levels left

rFire  . . .     SeeInvis .     o - +0 dagger (drain)
rCold  . . .     Gourm    +     l - +0 shield
rNeg   . . .     Faith    .     (helmet restricted)
rPois  .         Spirit   .     j - amulet of the gourmand
rElec  .         Dismiss  .     s - +3 ring of intelligence
rCorr  .         Reflect  .     (no ring)
SustAt .         Harm     .     (no ring)
MR     .....                    (no ring)
Stlth  ++++......               (no ring)
                                (no ring)
                                (no ring)
                                (no ring)

@: not resistant to hostile enchantments, stealthy
A: almost no armour, amphibious, 8 rings, constrict 8, camouflage 1, gelatinous
body 1
a: no special abilities


You were on level 4 of the Dungeon.
You were hungry.

You visited 1 branch of the dungeon, and saw 4 of its levels.

You collected 166 gold pieces.

Inventory:

Hand Weapons
 a - a +0 short sword
 o - a +0 dagger of draining (weapon)
Missiles
 e - 81 stones (quivered)
Armour
 l - a +0 shield (worn)
Jewellery
 j - an amulet of the gourmand (around mantle)
 s - a +3 ring of intelligence (left tentacle)
Wands
 b - a wand of flame (15/48)
 c - a wand of enslavement (15/24)
 d - a wand of random effects (14/48)
Scrolls
 i - 2 scrolls of teleportation {unknown}
 k - 4 scrolls of identify {unknown}
 n - a scroll of noise {unknown}
 q - 3 scrolls of remove curse {unknown}
 r - a scroll of enchant armour {unknown}
 t - 2 scrolls of amnesia {unknown}
 u - a scroll of fog {unknown}
 v - a scroll of enchant weapon {unknown}
 w - a scroll of magic mapping {unknown}
Potions
 g - a potion of flight
 h - a potion of heal wounds
 m - a potion of curing {unknown}
Comestibles
 f - 2 bread rations
 p - a slice of pizza


   Skills:
 - Level 1.0 Fighting
 - Level 1.0 Short Blades
 + Level 3.8 Dodging
 * Level 4.6 Stealth
 + Level 2.2 Shields
 + Level 3.9 Evocations


You had 4 spell levels left.
You didn't know any spells.

Dungeon Overview and Level Annotations

Branches:
Dungeon (4/15)
 Temple: D:4-7

Altars:
Qazlal


Innate Abilities, Weirdness & Mutations

You cannot wear most types of armour.
You are amphibious.
You can wear up to eight rings at the same time.
You can use your tentacles to constrict eight enemies at once.
Your skin changes colour to match your surroundings (Stealth).
Your rubbery body absorbs attacks (AC +1).


Message History

The giant cockroach bites you. The giant cockroach barely misses you.
You hit the giant cockroach. You drain the giant cockroach!
You kill the giant cockroach!
The ogre shouts!
Your shield prevents you from hitting the ogre.
The ogre closely misses you.
You hit the ogre.
The ogre is lightly wounded.
The ogre closely misses you.
You hit the ogre but do no damage.
The ogre is lightly wounded.
You hit the ogre. You squeeze the ogre.
The ogre is moderately wounded.
The ogre hits you with a giant spiked club!!
Ouch! That really hurt!
* * * LOW HITPOINT WARNING * * *
There is an open door here.
The ogre hits you with a giant spiked club!!
Ouch! That really hurt!
You die...

########### #.........#
#.........# #####.........#
..............# ##.†.......#
########## #...########
###........#######...####
................@O$....>....
###........#######....#.....
...........# #..........
#........# #...#......
####.##### #...#..####
######.####### #...#..#
.............. ######.#
######.####### #...


You could see an ogre.

Vanquished Creatures
  Sigmund (D:3)
  2 adders
  A worm (D:3)
  2 giant geckos
  3 giant cockroaches
  10 goblins
  4 hobgoblins
  5 kobolds
  4 bats (D:1)
  3 giant newts
  A jackal skeleton (D:4)
  7 rats
43 creatures vanquished.

Notes
Turn   | Place    | Note
--------------------------------------------------------------
     0 | D:1      | M4edhros the Octopode Artificer began the quest for the Orb.
     0 | D:1      | Reached XP level 1. HP: 13/13 MP: 3/3
   126 | D:1      | Reached XP level 2. HP: 8/18 MP: 4/4
   589 | D:1      | Reached XP level 3. HP: 16/23 MP: 5/5
   935 | D:2      | Found a stormy altar of Qazlal.
  1240 | D:3      | Found a stormy altar of Qazlal.
  1247 | D:3      | Noticed Sigmund
  1278 | D:3      | Killed Sigmund
  1278 | D:3      | Reached skill level 4 in Stealth
  1278 | D:3      | Reached XP level 4. HP: 15/28 MP: 6/6
  1278 | D:3      | Reached XP level 5. HP: 17/33 MP: 7/7
  1421 | D:4      | Noticed an ogre
  1438 | D:4      | Demolished by an ogre

Vault maps used:
D:1:      ncdulo_wetmaze, minmay_quantized
D:2:      overflow_temple_1_default, serial_bayou_lake_a
D:3:      nicolae_qazlal_general_emergency, uniq_sigmund, uniq_jessica
D:4:      serial_shops, shop, dk_rats_in_the_wall

Action                   |  1- 3 |  4- 6 || total
-------------------------+-------+-------++-------
Melee: Short sword       |    53 |       ||    53
       Dagger            |    24 |     8 ||    32
Evoke: Wand              |     1 |       ||     1
  Use: Potion            |     7 |       ||     7
 Stab: Sleeping          |    12 |     3 ||    15
  Eat: Chunk             |       |     1 ||     1
